Warning! The script has encountered some errors when parsing the replay. Please report them to the . » details
0x00, prev: 0x16: 16 02 04 00 EC 3A 00 00 58 78 01 00 47 3B 00 00 06 B2 02 00 04 82 00 00 A5 D4 01 00 EC 83 00 00 CA 76 02 00 [00] 00 00 00 00 00 00 00 00 00 00 00 00 00 00 00 00 00 00 00 00 00 00 00 01 00
0x00, prev: 0x00: 16 02 04 00 EC 3A 00 00 58 78 01 00 47 3B 00 00 06 B2 02 00 04 82 00 00 A5 D4 01 00 EC 83 00 00 CA 76 02 00 00 00 00 00 00 00 00 00 00 00 00 00 00 00 00 00 00 00 00 00 00 00 [00] 00 01 00
0x00, prev: 0x01: 16 02 04 00 EC 3A 00 00 58 78 01 00 47 3B 00 00 06 B2 02 00 04 82 00 00 A5 D4 01 00 EC 83 00 00 CA 76 02 00 00 00 00 00 00 00 00 00 00 00 00 00 00 00 00 00 00 00 00 00 00 00 00 00 01 [00]
General information
- name: BNet
- type: Ladder 1vs1/FFA
- host: Battle.net
- saver: brucewillisusa
map: CentaurGrove
- players: 2
- length: 14:42
- speed: Fast
- version: 1.23 W3XP
- replay type: Public
» download(51 KB)
Players
team 1 (winner)

»
brucewillisusa (
blue | 180 APM | 1448 actions | 08:03)
3 Blademaster
2 Wind Walk
1 Critical Strike
2 Shadow Hunter
1 Hex
1 Healing Wave
» actions
| Assign group hotkey | 70 | |
| Basic commands | 11 | |
| Build / train | 58 | |
| ESC pressed | 1 | |
| Enter build submenu | 12 | |
| Enter hero's abilities submenu | 7 | |
| Give item / drop item | 3 | |
| Right click | 638 | |
| Select / deselect | 111 | |
| Select group hotkey | 454 | |
| Use ability | 83 | |
1448 total
» units
» upgrades
» buildings
| Altar of Storms | 1 | |
| Orc Burrow | 4 | |
| War Mill | 1 | |
| Voodoo Lounge | 1 | |
| Watch Tower | 3 | |
| Stronghold | 2 | |
| Beastiary | 2 | |
| Fortress | 1 | |
15 total
» build order
00:07 Altar of Storms
00:12 Orc Burrow
00:49 War Mill
00:59 Voodoo Lounge
02:01 Watch Tower
03:03 Stronghold
03:03 Stronghold
03:06 Watch Tower
04:02 Orc Burrow
04:29 Watch Tower
06:00 Beastiary
06:05 Beastiary
06:08 Orc Burrow
08:03 Orc Burrow
» items
| Lesser Clarity Potion | 11 | |
| Healing Salve | 8 | |
| Boots of Speed | 2 | |
| Staff of Teleportation | 1 | |
| Orb of Lightning | 1 | |
| Potion of Healing | 1 | |
24 total
team 2 (loser)
DongMyung (
red | 176 APM | 1419 actions | 08:03)
3 Blademaster
1 Wind Walk
2 Critical Strike
2 Shadow Hunter
2 Hex
» actions
| Assign group hotkey | 60 | |
| Basic commands | 50 | |
| Build / train | 55 | |
| Enter build submenu | 15 | |
| Enter hero's abilities submenu | 5 | |
| Give item / drop item | 1 | |
| Remove unit from queue | 3 | |
| Right click | 694 | |
| Select / deselect | 264 | |
| Select group hotkey | 119 | |
| Use ability | 153 | |
1419 total
» units
| Peon | 8 | |
| Grunt | 10 | |
| Raider | 5 | |
| Spirit Walker | 3 | |
| Troll Batrider | 1 | |
27 total
» upgrades
| Berserker Strength | 1 | |
| Ensnare | 1 | |
| Spirit Walker Training | 1 | |
3 total
» buildings
| Altar of Storms | 1 | |
| Orc Burrow | 5 | |
| Barracks | 1 | |
| Voodoo Lounge | 1 | |
| Stronghold | 2 | |
| Spirit Lodge | 1 | |
| Beastiary | 1 | |
| Fortress | 2 | |
14 total
» build order
00:05 Altar of Storms
00:09 Orc Burrow
00:36 Barracks
01:22 Voodoo Lounge
01:51 Orc Burrow
02:58 Stronghold
02:59 Stronghold
03:47 Orc Burrow
06:03 Spirit Lodge
06:06 Beastiary
06:13 Orc Burrow
08:03 Orc Burrow
» items
| Circlet of Nobility | 1 | |
| Dust of Appearance | 1 | |
| Healing Salve | 3 | |
| Lesser Clarity Potion | 1 | |
| Scroll of Speed | 1 | |
| Boots of Speed | 1 | |
8 total
Chat log
(00:21 / All) brucewillisusa: u n1gger
(00:25 / All) brucewillisusa: ill p1ss on u
(08:03 / All) brucewillisusa: hacker scum